 Dungeon Crawl Stone Soup version 0.28-a0-60-g54b5640690 (webtiles) character file.

Game seed: 10718603398231421420

16827 Strat the Basher (level 12, -25/110 HPs)
             Began as a Minotaur Hunter on July 30, 2021.
             Was a Priest of Nemelex Xobeh.
             Annihilated by a komodo dragon (26 damage)
             ... on level 1 of the Lair of Beasts.
             The game lasted 00:33:18 (16041 turns).

Strat the Basher (Minotaur Hunter)                 Turns: 16041, Time: 00:33:20

Health: -25/110    AC: 13    Str: 21    XL:     12   Next: 13%
Magic:  17/17      EV: 13    Int:  8    God:    Nemelex Xobeh [***...]
Gold:   1241       SH:  0    Dex: 18    Spells: 11/11 levels left

rFire   . . .      SeeInvis .   b - +0 flail (venom)
rCold   + + .      Faith    .   (no shield)
rNeg    . . .      Spirit   .   y - +2 scale mail {rC+}
rPois   .          Reflect  .   (helmet restricted)
rElec   .          Harm     .   (no cloak)
rCorr   .          Rampage  .   (no gloves)
Will    .....                   q - +1 pair of boots
Stlth   ..........              (no amulet)
HPRegen 0.28/turn               m - ring of protection from cold
MPRegen 0.15/turn               C - +6 ring of dexterity

@: no status effects
A: horns 2, retaliatory headbutt
a: Renounce Religion, Draw Escape, Draw Destruction, Draw Summoning, Triple Draw


You were on level 1 of the Lair of Beasts.
You worshipped Nemelex Xobeh.
Nemelex Xobeh was most pleased with you.
You visited 3 branches of the dungeon, and saw 14 of its levels.
You also visited: Ossuary and Bailey.

You collected 1241 gold pieces.

Inventory:

Hand Weapons
 a - a +1 vorpal fustibalus
 b - a +0 flail of venom (weapon)
 h - a +0 morningstar
 p - a +1 hunting sling
Missiles
 d - 54 sling bullets
 l - 361 stones (quivered)
 z - a throwing net
Armour
 o - a +0 buckler
 q - a +1 pair of boots (worn)
 y - a +2 scale mail of cold resistance (worn)
Jewellery
 m - a ring of protection from cold (left hand)
 x - a ring of wizardry
 C - a +6 ring of dexterity (right hand)
 D - a ring of see invisible
Wands
 f - a wand of charming (7)
 n - a wand of digging (5)
 B - a wand of flame (16)
Scrolls
 c - 2 scrolls of teleportation
 e - 6 scrolls of noise
 g - 2 scrolls of amnesia
 j - 6 scrolls of magic mapping
 u - 4 scrolls of fog
 v - 2 scrolls of identify
Potions
 i - 2 potions of brilliance
 k - 2 potions of ambrosia
 r - 2 potions of heal wounds {unknown}
 s - 3 potions of attraction {unknown}
 t - 4 potions of might {unknown}
 w - 3 potions of cancellation {unknown}
 A - a potion of lignification {unknown}


   Skills:
 + Level 11.2 Fighting
 - Level 14.0 Maces & Flails
 - Level 4.3 Slings
 - Level 10.0 Armour
 - Level 5.0 Dodging
 - Level 0.7 Stealth
 + Level 8.3 Invocations
 + Level 4.0 Evocations


You had 11 spell levels left.
You didn't know any spells.
Your spell library contained the following spells:

 Spells                   Type           Power      Damage    Failure   Level
 Beastly Appendage        Tmut           0%         N/A       69%         1
 Sting                    Tmut/Pois      0%         1d3       69%         1
 Corpse Rot               Necr/Air       N/A        N/A       83%         2
 Poisonous Vapours        Pois/Air       0%         N/A       83%         2
 Wereblood                Tmut           0%         N/A       83%         2
 Gell's Gravitas          Tloc           0%         N/A       96%         3
 Lesser Beckoning         Tloc           0%         N/A       96%         3
 Spider Form              Tmut/Pois      0%         N/A       96%         3
 Stone Arrow              Conj/Erth      0%         3d7       96%         3
 Teleport Other           Tloc           0%         N/A       96%         3
 Animate Armour           Summ/Erth      0%         N/A       100%        4
 Animate Dead             Necr           0%         N/A       100%        4
 Olgreb's Toxic Radiance  Pois           0%         N/A       100%        4
 Freezing Cloud           Conj/Ice/Air   0%         6-21      100%        5
 Haunt                    Necr/Summ      0%         N/A       100%        7
 Infestation              Necr           0%         N/A       100%        8
 Lehudib's Crystal Spear  Conj/Erth      0%         10d2      100%        8


Dungeon Overview and Level Annotations

Branches:
Dungeon (12/15)            Temple (1/1) D:5            Lair (1/6) D:10
    Orc (0/2) D:9         Ossuary (visited)          Bailey (visited)

Altars:
Ashenzari
Cheibriados
Dithmenos
Gozag
Hepliaklqana
Kikubaaqudgha
Makhleb
Nemelex Xobeh
Okawaru
Qazlal
Ru
Sif Muna
Uskayaw
Vehumet
Wu Jian
Xom
Yredelemnul
The Shining One

Shops:
D:4 ?(**(

Annotations:
D:6 1 runed translucent door, Spectrina's ghost, weakling DEDe


Innate Abilities, Weirdness & Mutations

You have a pair of horns on your head.
You reflexively headbutt those who attack you in melee.


Message History

Your +0 flail of venom begins to drip with poison!
b - a +0 flail of venom (weapon)
The komodo dragon bites you!!
You hit the komodo dragon but do no damage.
The komodo dragon is poisoned.
You headbutt the komodo dragon.
The komodo dragon is lightly wounded.
The komodo dragon bites you!
You hit the komodo dragon.
The komodo dragon looks as sick as possible!
The komodo dragon is lightly wounded.
The komodo dragon bites you!!
* * * LOW HITPOINT WARNING * * *
You are too injured to fight recklessly!
You hit the komodo dragon but do no damage.
The komodo dragon looks as sick as possible!
The komodo dragon is moderately wounded.
The komodo dragon bites you!!
* * * LOW HITPOINT WARNING * * *
You hit the komodo dragon but do no damage.
Your headbutt misses the komodo dragon.
The komodo dragon is moderately wounded.
You hit the komodo dragon.
The komodo dragon looks as sick as possible!
The komodo dragon is moderately wounded.
The komodo dragon bites you!!
* * * LOW HITPOINT WARNING * * *
You sock the komodo dragon!
The komodo dragon looks as sick as possible!
The komodo dragon is heavily wounded.
The komodo dragon bites you.
* * * LOW HITPOINT WARNING * * *
You barely miss the komodo dragon.
The komodo dragon is heavily wounded.
You hit the komodo dragon but do no damage.
The komodo dragon looks as sick as possible!
You headbutt the komodo dragon, but do no damage.
The komodo dragon is severely wounded.
The komodo dragon bites you!!
You die...
Your body disappears without a glow.

.#### #....
.##P########.......##
....................#
.#####.##.##........#
.# ######.P........#
.# #...............#
.P ##....##.#......#
.#####....#P.....l..#
.............#..@...##
..##.#....####.......#
#.##....# ##.....##
........## #....##
.........####....##
...........##.....#
.................##
.P.###......#.....#
.## ##...###....##


You could see a komodo dragon (extremely poisoned).

Vanquished Creatures
  A hydra (D:12)
  3 two-headed ogres
  A centaur warrior (D:12)
  A deep elf zephyrmancer (D:7)
  2 manticores
  2 cyclopes
  2 gargoyles
  2 komodo dragons
  An unseen horror (D:7)
  2 kobold demonologists
  A hornet (D:9)
  Sigmund (D:5)
  A basilisk (D:12)
  A wyvern (D:10)
  9 yaks
  A wraith (D:8)
  2 steam dragons (D:9)
  Edmund (D:6)
  An acid dragon (D:11)
  An orc warrior (D:11)
  2 black bears (D:10)
  A necrophage (D:6)
  An ogre (D:4)
  6 centaurs
  An elf zombie (Ossuary)
  2 kobold brigands
  5 bullfrogs
  A gnoll sergeant (D:5)
  3 scorpions
  A wyvern skeleton (D:7)
  3 killer bees (D:9)
  A water moccasin skeleton (D:5)
  10 wights
  2 howler monkeys
  2 centaur zombies
  A human zombie (Ossuary)
  3 jellies
  4 orc priests
  5 hounds
  2 gnoll shamans
  10 orc wizards
  4 iguanas
  2 hound skeletons (D:4)
  3 mummies
  A howler monkey zombie (D:9)
  4 gnolls (D:9)
  5 adders
  A shadow imp (D:7)
  2 white imps
  3 adder zombies (Ossuary)
  2 worms (D:2)
  36 orcs
  9 endoplasms
  2 giant cockroaches
  4 hobgoblins
  2 quokkas
  8 ball pythons
  3 bats
  3 frilled lizards
  9 goblins
  12 hobgoblin zombies (Ossuary)
  3 jackal zombies (Ossuary)
  10 kobolds
  13 kobold zombies (Ossuary)
  3 orc zombies (Ossuary)
  2 rats
248 creatures vanquished.

Vanquished Creatures (others)
  A fungus (D:10)
  2 plants (Lair:1)
  A withered plant (D:11)
4 creatures vanquished.

Grand Total: 252 creatures vanquished

Notes
Turn   | Place    | Note
-------+----------+-------------------------------------------
     0 | D:1      | Strat the Minotaur Hunter began the quest for the Orb.
     0 | D:1      | Reached XP level 1. HP: 18/18 MP: 0/0
   181 | D:1      | Reached skill level 1 in Armour
   379 | D:1      | Reached XP level 2. HP: 21/25 MP: 1/1
  1492 | D:2      | Reached XP level 3. HP: 29/31 MP: 2/2
  2103 | D:3      | Noticed a scorpion
  2197 | D:3      | Found a faded altar of an unknown god.
  2460 | D:3      | Killed a scorpion
  2461 | D:3      | Reached skill level 5 in Fighting
  2461 | D:3      | Reached XP level 4. HP: 24/42 MP: 3/3
  3003 | D:4      | Reached skill level 1 in Maces & Flails
  3003 | D:4      | Reached XP level 5. HP: 48/48 MP: 4/4
  3153 | D:4      | Found Luatra's Assorted Antiques.
  3158 | D:4      | Noticed an ogre
  3271 | D:4      | Reached skill level 2 in Maces & Flails
  3607 | D:3      | Reached XP level 6. HP: 53/57 MP: 5/5
  3704 | D:4      | Found Suahoh's Antique Weapon Shop.
  3957 | D:4      | Found Ocahuf's Magic Scroll Shop.
  3974 | D:4      | Found Heppow's Weapon Boutique.
  4115 | D:4      | Reached skill level 3 in Maces & Flails
  4233 | D:4      | Found Ijurom Yriuh's General Store.
  4281 | D:5      | Entered Level 5 of the Dungeon
  4376 | D:5      | Noticed a yak
  4376 | D:5      | Noticed a yak
  4376 | D:5      | Noticed a yak
  4383 | D:5      | Noticed a yak
  4432 | D:4      | Killed a yak
  4433 | D:4      | Reached skill level 4 in Maces & Flails
  4433 | D:4      | Reached skill level 5 in Armour
  4433 | D:4      | Reached XP level 7. HP: 42/64 MP: 6/6
  5040 | D:5      | Reached skill level 5 in Maces & Flails
  5040 | D:5      | Identified a scroll of acquirement
  5040 | D:5      | Acquired a +1 vorpal fustibalus
  5114 | D:5      | Found a staircase to the Ecumenical Temple.
  5137 | Temple   | Entered the Ecumenical Temple
  5290 | Temple   | Became a worshipper of Nemelex Xobeh the Trickster
  5349 | D:5      | Noticed Sigmund
  5360 | D:5      | Killed Sigmund
  5361 | D:5      | Reached skill level 6 in Maces & Flails
  5496 | D:4      | Killed a yak
  5497 | D:4      | Reached skill level 7 in Maces & Flails
  5497 | D:4      | Reached XP level 8. HP: 52/73 MP: 7/7
  5635 | D:5      | Reached skill level 8 in Maces & Flails
  6019 | D:6      | Reached skill level 5 in Dodging
  6514 | D:6      | Found a runed translucent door.
  6677 | D:6      | Noticed Edmund
  6696 | D:6      | Killed Edmund
  6776 | D:6      | Reached XP level 9. HP: 63/83 MP: 8/8
  6882 | D:6      | Noticed Spectrina's ghost (weakling DEDe)
  7100 | D:7      | Reached * piety under Nemelex Xobeh
  7208 | D:7      | Noticed an eight-headed hydra
  7418 | D:7      | Found a flagged portal.
  7565 | D:7      | Noticed a deep elf zephyrmancer
  7580 | D:7      | Killed a deep elf zephyrmancer
  7581 | D:7      | Reached skill level 10 in Fighting
  7715 | Bailey   | Entered a bailey
  7718 | Bailey   | Noticed an orc knight
  7723 | Bailey   | Noticed an orc knight
  8181 | D:7      | Killed an unseen horror
  8182 | D:7      | Reached skill level 9 in Maces & Flails
  8748 | D:8      | Acquired 514 gold pieces
  8925 | D:8      | Found a sand-covered staircase.
  8937 | Ossuary  | Entered an ossuary
  9009 | Ossuary  | Received a gift from Nemelex Xobeh
  9181 | Ossuary  | Identified the +6 halberd "Saetisas" {elec, rN+}
  9338 | D:8      | Noticed a gargoyle
  9348 | D:8      | Killed a gargoyle
  9349 | D:8      | Reached skill level 10 in Maces & Flails
  9969 | D:8      | Reached skill level 12 in Maces & Flails
  9969 | D:8      | Reached XP level 10. HP: 93/93 MP: 8/14
 10136 | D:8      | Reached XP level 11. HP: 81/98 MP: 15/15
 10251 | D:9      | Reached ** piety under Nemelex Xobeh
 10353 | D:9      | Found a staircase to the Orcish Mines.
 10385 | D:9      | Paralysed by a hornet for 3 turns
 10690 | D:9      | Reached skill level 13 in Maces & Flails
 10960 | D:9      | Received a gift from Nemelex Xobeh
 11370 | D:10     | Entered Level 10 of the Dungeon
 11983 | D:10     | Found a staircase to the Lair.
 12224 | D:10     | Found a sacrificial altar of Ru.
 12236 | D:10     | Found a radiant altar of Vehumet.
 12841 | D:11     | Received a gift from Nemelex Xobeh
 12896 | D:11     | Reached skill level 10 in Armour
 13344 | D:11     | Found a basalt altar of Yredelemnul.
 13430 | D:11     | Reached *** piety under Nemelex Xobeh
 13679 | D:11     | Reached skill level 14 in Maces & Flails
 13980 | D:11     | Noticed a two-headed ogre
 13997 | D:11     | Killed a two-headed ogre
 13998 | D:11     | Reached skill level 1 in Evocations
 14129 | D:11     | Noticed a two-headed ogre
 14137 | D:11     | Killed a two-headed ogre
 14263 | D:12     | Noticed a seven-headed hydra
 14425 | D:12     | Killed a seven-headed hydra
 14601 | D:12     | Noticed a two-headed ogre
 14613 | D:12     | Killed a two-headed ogre
 14801 | D:12     | Noticed a centaur warrior
 14814 | D:12     | Killed a centaur warrior
 15013 | D:12     | Reached XP level 12. HP: 85/108 MP: 16/16
 15134 | D:12     | Received a gift from Nemelex Xobeh
 15568 | Lair:1   | Entered Level 1 of the Lair of Beasts
 16021 | Lair:1   | Received a gift from Nemelex Xobeh
 16038 | Lair:1   | HP: 5/110 [komodo dragon (21)]
 16039 | Lair:1   | HP: 1/110 [komodo dragon (4)]
 16041 | Lair:1   | Annihilated by a komodo dragon

Illustrated notes

Levels and vault maps discovered:
D:1:      lightli_arrival_boilingwater, layout_basic, minmay_misc_feat_plants
D:2:      layout_loops_corners
D:3:      layout_basic, shapermc_ecumenical_altar_flowoftime
D:4:      layout_cave_pools, serial_shops, kennysheep_little_box,
          nicolae_take_the_stairs, shop, shop, nicolae_shop_trees,
          serial_column_ruins, column_ruins_square_huge, column_ruins_hut,
          column_ruins_grid_1, column_ruins_open_small, column_ruins_corridor_T,
          column_ruins_corridor_corner, column_ruins_columns_straight,
          minmay_between
D:5:      layout_basic, minmay_temple_entry_large_hall,
          kennysheep_generic_room_13, uniq_sigmund
D:6:      layout_loops_cross, ebering_ghost_inner_flame, uniq_edmund
D:7:      kennysheep_big_flooded_room, layout_loops_cross, enter_bailey_6,
          guppyfry_early_elven_hall
D:8:      layout_loops_ring, gup_ossuary_entry_pyramid
D:9:      layout_rooms, nicolae_overflow_hidden_temple, orc_0_dummy,
          serial_glass, glass_columns_a, glass_columns_b, glass_columns_a,
          glass_columns_a, minmay_orc_keep
D:10:     layout_rooms, mainiacjoe_overflow_big_doors, david_lair_generic
D:11:     layout_gridville, yredelemnul_altar_generic
D:12:     layout_roguey
Temple:   regret_index_temple_sphere_string
Lair:1:   layout_gridlike

Skill      XL: |  1  2  3  4  5  6  7  8  9 10 11 12 |
---------------+-------------------------------------+-----
Armour         | 1 2 3 4 5 8 10 | 10.0
Fighting       | 3 5 6 7 9 10 11 | 11.2
Maces & Flails | 1 2 4 7 8 12 14 | 14.0
Dodging        | 5 |  5.0
Invocations    | 6 7 8 |  8.3
Evocations     | 3 4 |  4.0
Slings         | |  4.3
Stealth        | |  0.7

Action                   |  1- 3 |  4- 6 |  7- 9 | 10-12 || total
-------------------------+-------+-------+-------+-------++-------
Melee: Short sword       |    80 |     3 |       |       ||    83
       Headbutt          |    12 |     8 |    50 |    56 ||   126
       Hand axe          |     2 |       |       |       ||     2
       Flail             |       |    59 |   136 |   265 ||   460
       Morningstar       |       |       |   100 |       ||   100
       Fustibalus        |       |       |     3 |       ||     3
 Fire: Hunting sling     |    45 |    42 |       |       ||    87
       Fustibalus        |       |       |    91 |    64 ||   155
Throw: Stone             |       |     1 |       |       ||     1
Invok: Draw Destruction  |       |       |       |    12 ||    12
       Draw Escape       |       |       |       |     1 ||     1
Evoke: Wand              |       |       |       |     1 ||     1
  Use: Scroll            |       |     9 |    11 |       ||    20
       Potion            |       |       |     1 |     2 ||     3
Armor: Leather armour    |    11 |       |       |       ||    11
       Scale mail        |    26 |    25 |    70 |   149 ||   270
       Plate armour      |       |       |    16 |       ||    16
Dodge: Dodged            |    50 |    35 |   107 |   162 ||   354

Table legend: (Time is in decaauts)
 A = Elapsed time spent in this place.
 B = Non-inter-level travel time spent in this place.
 C = Inter-level travel time spent in this place.
 D = Time resting spent in this place.
 E = Time spent auto-exploring this place.
 F = Levels seen in this place.
 G = Mean time per level.
                   A        B        C        D        E       F      G
               +--------+--------+--------+--------+--------+-----+--------+
         Total |  16011 |  15095 |    916 |   3148 |   9007 |  16 | 1000.7 |
       Dungeon |  15031 |  14139 |    892 |   3148 |   8361 |  12 | 1252.6 |
        Temple |    175 |    151 |     24 |      0 |    149 |   1 |  175.0 |
          Lair |    459 |    459 |      0 |      0 |    369 |   1 |  459.0 |
       Ossuary |    324 |    324 |      0 |      0 |    128 |   1 |  324.0 |
        Bailey |     19 |     19 |      0 |      0 |      0 |   1 |   19.0 |
               +--------+--------+--------+--------+--------+-----+--------+

Top non-repeatable levels by time:
     D:8: 1593 daAuts
    D:10: 1424 daAuts
     D:5: 1421 daAuts
     D:7: 1346 daAuts
     D:9: 1275 daAuts
    D:11: 1270 daAuts
     D:6: 1225 daAuts
    D:12: 1140 daAuts
     D:3: 1121 daAuts
     D:1: 1112 daAuts
     D:4: 1082 daAuts
     D:2: 1017 daAuts
  Lair:1: 459 daAuts
 Ossuary: 324 daAuts
  Temple: 175 daAuts
